 Dungeon Crawl Stone Soup version 0.20-a0-760-g49f5558 (webtiles) character file.

152 polly the Slasher (level 5, 0/46 HPs)
             Began as a Draconian Berserker on Feb 25, 2017.
             Was a Believer of Trog.
             Slain by Sigmund
             ... wielding a +0 scythe of slicing
              (12 damage)
             ... on level 3 of the Dungeon.
             The game lasted 00:02:18 (2015 turns).

polly the Slasher (Draconian Berserker)             Turns: 2015, Time: 00:02:19

Health: 0/46       AC:  6    Str: 20    XL:     5   Next: 11%
Magic:  5/5        EV: 12    Int: 12    God:    Trog [**....]
Gold:   166        SH:  5    Dex: 11    Spells: 4/4 levels left

rFire    . . .     SeeInvis .   a - +1 falchion
rCold    . . .     Gourm    .   (armour unavailable)
rNeg     . . .     Faith    .   p - +2 buckler {rPois}
rPois    +         Spirit   .   (helmet restricted)
rElec    .         Reflect  .   (no cloak)
rCorr    .         Harm     .   (no gloves)
MR       .....     Rnd*Tele +   f - +0 pair of boots
Stlth    +.........             (no amulet)
Regen    0.2/turn               (no ring)
MPRegen  0.1/turn               n - ring of teleportation (curse)

@: brilliant
A: unfitting armour, cold-blooded, AC +5
a: Berserk, Trog's Hand, Burn Spellbooks, Renounce Religion


You were on level 3 of the Dungeon.
You worshipped Trog.
Trog was pleased with you.
You were hungry.

You visited 1 branch of the dungeon, and saw 3 of its levels.

You collected 166 gold pieces.

Inventory:

Hand Weapons
 a - a +1 falchion (weapon)
Missiles
 o - a throwing net (quivered)
Armour
 f - a +0 pair of boots (worn)
 p - a +2 buckler of poison resistance (worn)
Jewellery
 n - a cursed ring of teleportation (left hand)
Scrolls
 c - 2 scrolls of noise {unknown}
 k - 2 scrolls of identify
 l - 2 scrolls of amnesia
 q - a scroll of fear {unknown}
Potions
 d - a potion of brilliance
 h - a potion of curing {unknown}
 i - a potion of magic {unknown}
 m - 2 potions of might {unknown}
Comestibles
 b - 4 bread rations
 g - 2 royal jellies
 j - a meat ration


   Skills:
 + Level 4.1 Fighting
 + Level 4.5 Long Blades
 + Level 3.4 Dodging
 + Level 1.1 Stealth


You had 4 spell levels left.
You didn't know any spells.

Dungeon Overview and Level Annotations

Branches:
Dungeon (3/15)

Altars:
Vehumet

Annotations:
D:3 Sigmund


Innate Abilities, Weirdness & Mutations

Your plain brown scales are hard. (AC +5)
You cannot fit into any form of body armour.
You are cold-blooded and may be slowed by cold attacks.


Message History

You bump into the rock wall.
Sigmund gestures wildly while chanting.
Sigmund flickers and vanishes!
Deactivating autopickup; reactivate with Ctrl-A.
You bump into the rock wall.
Something hits you.
You slash something!
You feel less invigorated.
You feel less confused.
You slash something! Something hits you.
You closely miss something. You tail-slap something. Something hits you!
You miss something.
You are confused.
You feel invigorated. Something hits you!
* * * LOW HITPOINT WARNING * * *
x2 Something barely misses you.
You feel less invigorated.
You feel less confused. Something hits you!
* * * LOW HITPOINT WARNING * * *
x2 Something hits you!
You die...

.....##.#.#.##.#.###
...................###
...####..............#
...####........#.#####
..... .......#.#.#
....###....#.#.#.#
....)......#.....#
...........#.#.#########
.).........#....@{......
.........###.#.#########
..)####..# #.#.#
.(.†........ #.#
.........### #..
.......... ..#
#.(........ ...
#.#####..### ## #.####
..#


There were no monsters in sight!

Vanquished Creatures
  Jessica (D:3)
  Ijyb (D:3)
  4 adders
  An adder skeleton (D:3)
  4 worms
  2 leopard geckos
  2 ball pythons
  6 giant cockroaches
  4 goblins
  7 hobgoblins
  3 jackals (D:3)
  4 bats
  2 frilled lizards
  4 kobolds
  7 rats
52 creatures vanquished.

Vanquished Creatures (others)
  A hobgoblin (D:2)
  A rat (D:2)
2 creatures vanquished.

Grand Total: 54 creatures vanquished

Notes
Turn   | Place    | Note
-------+----------+-------------------------------------------
     0 | D:1      | polly the Draconian Berserker began the quest for the Orb.
     0 | D:1      | Reached XP level 1. HP: 19/19 MP: 1/1
   412 | D:1      | Reached XP level 2. HP: 25/26 MP: 2/2
   701 | D:2      | Found a radiant altar of Vehumet.
   809 | D:2      | Reached XP level 3. HP: 31/31 MP: 3/3
  1400 | D:2      | Reached XP level 4. HP: 31/40 MP: 4/4
  1459 | D:3      | Reached ** piety under Trog
  1517 | D:3      | Noticed Ijyb
  1526 | D:3      | Killed Ijyb
  1796 | D:3      | Noticed Jessica
  1809 | D:3      | Killed Jessica
  1809 | D:3      | Reached skill level 1 in Stealth
  1809 | D:3      | Reached XP level 5. HP: 41/46 MP: 5/5
  1995 | D:3      | Noticed Sigmund
  2015 | D:3      | Slain by Sigmund

Vault maps used:
D:1:      dpeg_arrival_brainrot
D:2:      fiery_altar_vehumet
D:3:      uniq_iyjb, uniq_jessica, uniq_sigmund

Skill      XL: |  1  2  3  4 |
---------------+-------------+-----
Dodging        | 3 |  3.4
Long Blades    | 4 |  4.5
Fighting       | 4 |  4.1
Stealth        | 1 |  1.1

Action                   |  1- 3 |  4- 6 || total
-------------------------+-------+-------++-------
Melee: Falchion          |   115 |    54 ||   169
       Tailslap          |     9 |     7 ||    16
  Use: Scroll            |     4 |       ||     4
       Potion            |       |     3 ||     3
 Stab: Sleeping          |     1 |     1 ||     2
  Eat: Chunk             |     1 |     2 ||     3
Armor: Skin              |    34 |    12 ||    46
Dodge: Dodged            |    75 |    36 ||   111
Block: Buckler           |       |     3 ||     3
       Rpst.: Falchion   |    24 |     8 ||    32
